Workbook
Name AREA: DATOS!$B$7:$B$9
Name result: 'CALCULO RETENCION'!$B$10:$I$12
Name SM: DATOS!$C$7:$C$7
Name VALORdesc: 'CALCULO RETENCION'!$B$10:$B$12

Sheet ISPT-INFO-IMSS TRABAJADOR 2018
B2: Calculadora de Nominas 2018
B3: ISR, IMSS e Infonavit
F4: Visita ContadorMx
B5: DATOS
B6: Promedio de dias al mes | C6: 30.4 | M6: UMA | N6: =DATOS!C6 -> 80.6
B7: Dias Laborados | C7: 15 | I7: ( = ) | J7: Ingresos Mensuales Acumulables | K7: =(C9/C7)*C6 -> 9120 | M7: Tope 3 salarios minimos | N7: =N6*3 -> 241.8
B8: Salario Diario | C8: 300 | I8: ( - ) | J8: Limite Inferior | K8: =VLOOKUP(K7,'TARIFAS ISPT, SUBSIDO AL EMPLEO'!B5:E15,1) -> 8629.21
B9: Ingresos en ese Periodo | C9: =C7*C8 -> 4500 | I9: ( = ) | J9: Excedente sobre limite inferior | K9: =K7-K8 -> 490.79
I10: ( * ) | J10: Tasa aplicable | K10: =VLOOKUP(K7,'TARIFAS ISPT, SUBSIDO AL EMPLEO'!B5:E15,4) -> 0.16 | M10: Invalidez y vida | N10: 0.00625
B11: TIPO DE DESCUENTO | C11: 1 | J11: Impuesto marginal | K11: =K9*K10 -> 78.5264 | M11: Cesantía y vejez | N11: 0.01125
C12: 1 | D12: VECES SMGDF | I12: ( + ) | J12: Cuota Fija | K12: =VLOOKUP(K7,'TARIFAS ISPT, SUBSIDO AL EMPLEO'!B5:E15,3) -> 692.96 | M12: Prestaciones en Efectivo | N12: 0.0025
C13: 2 | D13: CUOTA FIJA | I13: ( = ) | J13: ISR Causado | K13: =K12+K11 -> 771.4864 | M13: Gastos Médicos | N13: 0.00375
C14: 3 | D14: PORCENTAJE | M14: Excedente =
J15: DETERMINACION DEL SUBSIDIO
B16: Prestaciones | M16: Total% Retención = | N16: =SUM(N10:N13) -> 0.02375
B17: Dias de Vacaciones | C17: 12 | I17: ( = ) | J17: ISPT DEL PERIODO | K17: =(K13/C6)*C7 -> 380.66763
B18: % de Prima Vacacional | C18: 0.25 | I18: ( - ) | J18: SUBSIDIO PARA EL EMPLEO | K18: =VLOOKUP(K7,'TARIFAS ISPT, SUBSIDO AL EMPLEO'!G5:I15,3)/C6*C7 -> 0
B19: Dias de Aguinaldo | C19: 30 | I19: ( = ) | J19: ISR A CARGO | K19: =IF(K17>K18,K17-K18,0) -> 380.66763 | M19: Retención IMSS
I20: ( = ) | J20: SUBSIDIO A FAVOR | K20: =IF(K17<K18,K18-K17,0) -> 0 | M20: Salario Base de Cotización | N20: =C21 -> 313.56164
B21: SALARIO DIARIO INTEGRADO (PRESTACIONES DE LEY) | C21: ='SBC 2018'!E3 -> 313.56164 | M21: (x) No. De días cotizados | N21: =C7 -> 15
B22: VALOR DEL DESCUENTO (si tiene Infonavit) | C22: 15.0232 | M22: (=) Salario base cotización = | N22: =N20*N21 -> 4703.4247
M23: (x) % retención IMSS= | N23: =N16 -> 0.02375
M24: (=) Ret. Inic. IMSS = | N24: =N22*N23 -> 111.70634
B25: DESGLOSE DEL PERIODO
M26: Mayor a 3 SMDF | N26: =IF(N20>N7,"SI","NO") -> SI
B27: SUELDO | C27: =C9 -> 4500
B28: ISPT DEL PERIODO ANTES DEL SUBSIDIO | C28: =K17 -> 380.66763 | M28: SDI – 3 Salarios minimos | N28: =IF(N26="SI",N20-N7,0) -> 71.761644
B29: SUBSIDO PARA EL EMPLEO | C29: =K18 -> 0 | M29: (x) No. De días cotizados | N29: =N21 -> 15
B30: =IF(C30>0,"ISPT A CARGO ","SUBSIDIO A FAVOR") -> ISPT A CARGO | C30: =C28-C29 -> 380.66763 | M30: (=) Salario base cotización excedente | N30: =N28*N29 -> 1076.4247
B31: IMSS | C31: =N35 -> 116.01203 | M31: X % sobre excedente | N31: =0.004 -> 0.004
B32: RETENCION INFONAVIT | C32: =DATOS!D25 -> 619.51013 | M32: (=) IMSS sobre excedente | N32: =N30*N31 -> 4.3056986
B33: NETO A PAGAR | C33: =C27-C30-C31-C32 -> 3383.8102 | M33: (+) Ret. Inic. IMSS | N33: =N24 -> 111.70634
M35: Total Retención IMSS. | N35: =+N32+N33 -> 116.01203
B36: Nota: Rellena solo los espacios en azul
B40: IMPORTANTE:
B41: Este calculo es elaborado con los datos de las tablas de ISR de 2018 publicadas el 29 de diciembre de 2017 y la UMA 2017, la UMA 2018 se publica en febrero de 2018.

Sheet DATOS
B2: DATOS GENERALES
B4: DIAS EN NOMINA | C4: ='ISPT-INFO-IMSS TRABAJADOR 2018'!C7:D7 -> 15
B5: Salario Minimo 2017 | C5: 88.36 | D5: 80.04
B6: UMA 2018 (DOF 10.01.2018) | C6: 80.6
B7: VALOR DE SEGURO DE VIVIENDA | C7: 15
B8: TIPO DE DESCUENTO | C8: ='ISPT-INFO-IMSS TRABAJADOR 2018'!C11:D11 -> 1
C9: 1 | D9: VECES SMGDF
C10: 2 | D10: CUOTA FIJA
C11: 3 | D11: PORCENTAJE
B12: SALARIO BASE DE COTIZACION | C12: ='ISPT-INFO-IMSS TRABAJADOR 2018'!C21:D21 -> 313.56164
B13: VALOR DEL DESCUENTO | C13: ='ISPT-INFO-IMSS TRABAJADOR 2018'!C22:D22 -> 15.0232
B14: PERIODO | C14: FALTAS | D14: AMORTIZACION MENSUAL
B15: BIM 1 | D15: =VLOOKUP(C8,result,3) -> 2436.7398
B16: BIM 2 | D16: =VLOOKUP(C8,result,4) -> 2436.7398
B17: BIM 3 | D17: =VLOOKUP(C8,result,5) -> 2436.7398
B18: BIM 4 | D18: =VLOOKUP(C8,result,6) -> 2436.7398
B19: BIM 5 | D19: =VLOOKUP(C8,result,7) -> 2436.7398
B20: BIM 6 | D20: =VLOOKUP(C8,result,8) -> 2436.7398
B22: AMORTIZACION ANUAL | D22: =SUM(D15:D21) -> 14620.439 | F22: =IF(15,0,D23) -> 0
B23: RETENCION EN NOMINA EN BASE A DIAS | D23: =VLOOKUP(C8,result,2)*C4 -> 619.51013
D25: =IF(D23>3.82,D23,0) -> 619.51013

Sheet SBC 2018
C1: Salario Base de Cotización
A2: Datos generales para la integración | B2: Importes | C2: Fija | D2: Variable | E2: Total
A3: Salario minimo D.F. | B3: =DATOS!C5 -> 88.36 | C3: =IF(AND(B4<>"",ISNUMBER(E10)),(B4*E10),0) -> 313.56164 | D3: 0 | E3: =SUMIF(C3:D3,">0") -> 313.56164
A4: Cuota diaria del trabajador | B4: ='ISPT-INFO-IMSS TRABAJADOR 2018'!C8 -> 300
A5: Días de vacaciones | B5: 6 | D5: Factor de integración
A6: Prima vacacional % | B6: ='ISPT-INFO-IMSS TRABAJADOR 2018'!C18 -> 0.25 | D6: Prima vacacional | E6: =IF(AND(B5<>"",B6<>""),(B5/365)*B6,"") -> 0.004109589
A7: Días de aguinaldo | B7: 15 | C7: más: | D7: Por aguinaldo | E7: =IF(B7<>"",B7/365,"") -> 0.04109589
A8: Area geografica del contribuyente | B8: UNICA | C8: igual: | D8: Total | E8: =IF(AND(ISNUMBER(E6),ISNUMBER(E7)),E6+E7,"") -> 0.045205479
C9: más: | D9: Unidad | E9: 1
A10: Otros conceptos que integran el SBC | C10: igual: | D10: Factor | E10: =IF(ISNUMBER(E8),E8+E9,"") -> 1.0452055

Sheet TARIFAS ISPT, SUBSIDO AL EMPLEO
B2: TABLAS Y TARIFAS MENSUAL 2018 | G2: TABLA DE SUBSIDIO PARA EL EMPLEO 2018
B4: Limite inferior | C4: Limite Superior | D4: Cuota fija | E4: % | G4: Limite inferior | H4: Limite Superior | I4: Cuota fija
B5: 0.01 | C5: 578.52 | D5: 0 | E5: 0.0192 | G5: 0.01 | H5: 1768.96 | I5: 407.02
B6: 578.53 | C6: 4910.18 | D6: 11.11 | E6: 0.064 | G6: 1768.97 | H6: 2653.38 | I6: 406.83
B7: 4910.19 | C7: 8629.2 | D7: 288.33 | E7: 0.1088 | G7: 2653.39 | H7: 3472.84 | I7: 406.62
B8: 8629.21 | C8: 10031.07 | D8: 692.96 | E8: 0.16 | G8: 3472.85 | H8: 3537.87 | I8: 392.77
B9: 10031.08 | C9: 12009.94 | D9: 917.26 | E9: 0.1792 | G9: 3537.88 | H9: 4446.15 | I9: 382.46
B10: 12009.95 | C10: 24222.31 | D10: 1271.87 | E10: 0.2136 | G10: 4446.16 | H10: 4717.18 | I10: 354.23
B11: 24222.32 | C11: 38177.69 | D11: 3880.44 | E11: 0.2352 | G11: 4717.19 | H11: 5335.42 | I11: 324.87
B12: 38177.7 | C12: 72887.5 | D12: 7162.74 | E12: 0.3 | G12: 5335.43 | H12: 6224.67 | I12: 294.63
B13: 72887.51 | C13: 97183.33 | D13: 17575.69 | E13: 0.32 | G13: 6224.68 | H13: 7113.9 | I13: 253.54
B14: 97183.34 | C14: 291550 | D14: 25350.35 | E14: 0.34 | G14: 7113.91 | H14: 7382.33 | I14: 217.61
B15: 291550.01 | C15: 999999999 | D15: 91435.02 | E15: 0.35 | G15: 7382.34 | H15: 999999999 | I15: 0

Sheet CALCULO RETENCION
B2: SALARIO MINIMO DF | C2: =DATOS!C6 -> 80.6 | D2: UMA al 8 de enero de 2017
B4: SALARIO BASE DE COTIZACION | D4: =DATOS!C12 -> 313.56164
B5: VSM | D5: =DATOS!C13 -> 15.0232
D6: BIM 1 | E6: BIM 2 | F6: BIM 3 | G6: BIM 4 | H6: BIM 5 | I6: BIM 6
D7: 59 | E7: 61 | F7: 61 | G7: 62 | H7: 61 | I7: 61
C8: =D7*C10 -> 2436.7398 | D8: =$D$5/100 -> 0.150232 | E8: =$D$5/100 -> 0.150232 | F8: =$D$5/100 -> 0.150232 | G8: =$D$5/100 -> 0.150232 | H8: =$D$5/100 -> 0.150232 | I8: =$D$5/100 -> 0.150232
D9: =DATOS!C15 -> 0 | E9: =DATOS!C16 -> 0 | F9: =DATOS!C17 -> 0 | G9: =DATOS!C18 -> 0 | H9: =DATOS!C19 -> 0 | I9: =DATOS!C20 -> 0
B10: 1 | C10: =(((($C$2*$D$5)*2)/D7))+(15/D7) -> 41.300675 | D10: =(((($C$2*$D$5)*2)/D7)*(D7-D9))+IF(D7>D9,DATOS!$C$7,0) -> 2436.7398 | E10: =(((($C$2*$D$5)*2)/E7)*(E7-E9))+IF(E7>E9,DATOS!$C$7,0) -> 2436.7398 | F10: =(((($C$2*$D$5)*2)/F7)*(F7-F9))+IF(F7>F9,DATOS!$C$7,0) -> 2436.7398 | G10: =(((($C$2*$D$5)*2)/G7)*(G7-G9))+IF(G7>G9,DATOS!$C$7,0) -> 2436.7398 | H10: =(((($C$2*$D$5)*2)/H7)*(H7-H9))+IF(H7>H9,DATOS!$C$7,0) -> 2436.7398 | I10: =(((($C$2*$D$5)*2)/I7)*(I7-I9))+IF(I7>I9,DATOS!$C$7,0) -> 2436.7398
B11: 2 | C11: =(($D$5*2)/D7)+(15/D7) -> 0.76349831 | D11: =(($D$5*2)/D7)*(D7-D9)+IF(D7>D9,DATOS!$C$7,0) -> 45.0464 | E11: =(($D$5*2)/E7)*(E7-E9)+IF(E7>E9,DATOS!$C$7,0) -> 45.0464 | F11: =(($D$5*2)/F7)*(F7-F9)+IF(F7>F9,DATOS!$C$7,0) -> 45.0464 | G11: =(($D$5*2)/G7)*(G7-G9)+IF(G7>G9,DATOS!$C$7,0) -> 45.0464 | H11: =(($D$5*2)/H7)*(H7-H9)+IF(H7>H9,DATOS!$C$7,0) -> 45.0464 | I11: =(($D$5*2)/I7)*(I7-I9)+IF(I7>I9,DATOS!$C$7,0) -> 45.0464
B12: 3 | C12: =(($D$4*D8))+(15/D7) -> 47.36123 | D12: =(($D$4*D8)*(D7-D9))+IF(D7>D9,DATOS!$C$7,0) -> 2794.3126 | E12: =(($D$4*E8)*(E7-E9))+IF(E7>E9,DATOS!$C$7,0) -> 2888.5266 | F12: =(($D$4*F8)*(F7-F9))+IF(F7>F9,DATOS!$C$7,0) -> 2888.5266 | G12: =(($D$4*G8)*(G7-G9))+IF(G7>G9,DATOS!$C$7,0) -> 2935.6336 | H12: =(($D$4*H8)*(H7-H9))+IF(H7>H9,DATOS!$C$7,0) -> 2888.5266 | I12: =(($D$4*I8)*(I7-I9))+IF(I7>I9,DATOS!$C$7,0) -> 2888.5266
B14: 1 | E14: =(((($C$2*$D$5)*2)/E11)*(E11-E13))+IF(E11>E13,DATOS!$C$7,0) -> 2436.7398 | F14: =(((($C$2*$D$5)*2)/F11)*(F11-F13))+IF(F11>F13,DATOS!$C$7,0) -> 2436.7398 | G14: =(((($C$2*$D$5)*2)/G11)*(G11-G13))+IF(G11>G13,DATOS!$C$7,0) -> 2436.7398 | H14: =(((($C$2*$D$5)*2)/H11)*(H11-H13))+IF(H11>H13,DATOS!$C$7,0) -> 2436.7398 | I14: =(((($C$2*$D$5)*2)/I11)*(I11-I13))+IF(I11>I13,DATOS!$C$7,0) -> 2436.7398
B15: 2 | E15: =(($D$5*2)/E11)*(E11-E13)+IF(E11>E13,DATOS!$C$7,0) -> 45.0464 | F15: =(($D$5*2)/F11)*(F11-F13)+IF(F11>F13,DATOS!$C$7,0) -> 45.0464 | G15: =(($D$5*2)/G11)*(G11-G13)+IF(G11>G13,DATOS!$C$7,0) -> 45.0464 | H15: =(($D$5*2)/H11)*(H11-H13)+IF(H11>H13,DATOS!$C$7,0) -> 45.0464 | I15: =(($D$5*2)/I11)*(I11-I13)+IF(I11>I13,DATOS!$C$7,0) -> 45.0464
B16: 3 | E16: =(($D$4*E12)*(E11-E13))+IF(E11>E13,DATOS!$C$7,0) -> 40799942 | F16: =(($D$4*F12)*(F11-F13))+IF(F11>F13,DATOS!$C$7,0) -> 40799942 | G16: =(($D$4*G12)*(G11-G13))+IF(G11>G13,DATOS!$C$7,0) -> 41465320 | H16: =(($D$4*H12)*(H11-H13))+IF(H11>H13,DATOS!$C$7,0) -> 40799942 | I16: =(($D$4*I12)*(I11-I13))+IF(I11>I13,DATOS!$C$7,0) -> 40799942
D18: =(((($C$2*$D$5)*2)/D11)) -> 53.761007
